 Dungeon Crawl Stone Soup version 0.30-a0-140-gd1020e658a (webtiles) character file.

Game seed: 4657434622773980684

1 qw the Shield-Bearer (level 1, 0/14 HPs)
             Began as a Gargoyle Fighter on Sept 24, 2022.
             Slain by a quokka (2 damage)
             ... on level 1 of the Dungeon.
             The game lasted 00:00:01 (55 turns).

qw the Shield-Bearer (Gargoyle Fighter)               Turns: 55, Time: 00:00:02

Health: 0/14       AC:  9    Str: 19    XL:     1   Next: 20%
Magic:  1/1        EV:  9    Int:  8    God:
Gold:   0          SH:  4    Dex:  9    Spells: 0/0 levels left

rFire   . . .      SeeInvis .    a - +0 war axe
rCold   . . .      Faith    .    c - +0 buckler
rNeg    + . .      Spirit   .    b - +0 scale mail
rPois   inf        Reflect  .    (no helmet)
rElec   +          Harm     .    (no cloak)
rCorr   .          Rampage  .    (no gloves)
Will    .....                    (no boots)
Stlth   ..........               (no amulet)
HPRegen 0.04/turn                (no ring)
MPRegen 0.07/turn                (no ring)

@: no status effects
A: sickness immunity, AC +2, negative energy resistance 1, electricity
resistance, torment resistance 1, petrification resistance
a: no special abilities


You were on level 1 of the Dungeon.
You visited 1 branch of the dungeon, and saw 1 of its levels.


Innate Abilities, Weirdness & Mutations

You are immune to sickness and miasma.
Your stone body is resilient. (AC +2)
You are immune to poison.
You resist negative energy. (rN+)
You are resistant to electric shocks. (rElec)
You are resistant to unholy torment.
You are immune to petrification.


   Skills:
 - Level 3.2 Fighting
 + Level 1.9 Axes
 - Level 3.2 Armour
 - Level 3.2 Shields


You couldn't memorise any spells.
You didn't know any spells.
Your spell library was empty.

Inventory:

Hand Weapons
 a - a +0 war axe (weapon)
Armour
 b - a +0 scale mail (worn)
 c - a +0 buckler (worn)
Potions
 d - a potion of might

Dungeon Overview and Level Annotations

Branches:
Dungeon (1/15)

Altars:


Message History

HP restored.
A quokka comes into view.
You closely miss the quokka. The quokka barely misses you.
The quokka bites you but does no damage.
You closely miss the quokka.
The quokka bites you but does no damage.
The quokka barely misses you.
You miss the quokka.
The quokka bites you but does no damage.
You miss the quokka. The quokka bites you. x2
You closely miss the quokka. You block the quokka's attack. x2
You barely miss the quokka. The quokka bites you.
You block the quokka's attack.
You barely miss the quokka. The quokka bites you.
You miss the quokka.
The quokka bites you but does no damage. x2
You barely miss the quokka.
The quokka bites you but does no damage. x2
You hit the quokka.
The quokka is heavily wounded.
The quokka twitches its whiskers.
The quokka barely misses you. The quokka closely misses you.
You hit the quokka.
The quokka is severely wounded.
The quokka bites you but does no damage.
You closely miss the quokka.
The quokka is severely wounded.
The quokka barely misses you. You block the quokka's attack.
You miss the quokka.
The quokka is severely wounded.
The quokka bites you but does no damage.
You block the quokka's attack.
You hit the quokka but do no damage.
The quokka is severely wounded.
The quokka bites you. x2
You die...

### #.# #.# #.#
########### #.#
..........####.#
......r@#......#
......#...####.#
###.# #..## #.#
.. #..# #.#####
# #.## #.....#
#.# #.###.# #.#
#.# #+# #.#
#.###.### #.#
#..#7.~P#


You could see a quokka.

Vanquished Creatures
  A bat (D:1)
1 creature vanquished.

Notes
Turn   | Place    | Note
-------+----------+-------------------------------------------
     0 | D:1      | qw the Gargoyle Fighter began the quest for the Orb.
     0 | D:1      | Reached XP level 1. HP: 14/14 MP: 1/1
     0 | D:1      | 0 ||| qw: Version: 0.1.0-9-gbc19398
     0 | D:1      | 0 ||| qw: Game counter: 28
     0 | D:1      | 0 ||| qw: Always use a shield: true
     0 | D:1      | 0 ||| qw: God list: Okawaru
     0 | D:1      | 0 ||| qw: Allow faded altars: false
     0 | D:1      | 0 ||| qw: Do Orc after D:15 true
     0 | D:1      | 0 ||| qw: Do second Lair branch before Depths: true
     0 | D:1      | 0 ||| qw: Lair rune preference: random
     0 | D:1      | 0 ||| qw: Plans: Normal, Zot:1-4, God:TSO, Crypt, Tomb,
                  | Pan, Slime:5, Hells, Abyss, Orb
     0 | D:1      | 0 ||| PLANNING D:1-11
    55 | D:1      | HP: 2/14 [quokka (3)]
    55 | D:1      | Slain by a quokka

Levels and vault maps discovered:
D:1:      tarquinn_simple_flora_water_e, layout_basic,
          shapermc_ecumenical_altar_mp_urbaneastern, reono_crystal_passage

Action                   || total
-------------------------++-------
Melee: War axe           ||    15
Armor: Scale mail        ||     9
Dodge: Dodged            ||     7
Block: Buckler           ||     5

Table legend:
 A = Non-vault XP
 B = Vault XP
 C = Vault XP percentage of total XP
 D = Non-vault monster count
 E = Vault monster count
 F = Vault count percentage of total count
                 A         B        C        D         E       F
            +---------+---------+-------+---------+---------+-------
      Total |       2 |       0 |   0.0 |       1 |       0 |   0.0
            +---------+---------+-------+---------+---------+-------
        D:1 |       2 |       0 |   0.0 |       1 |       0 |   0.0
            +---------+---------+-------+---------+---------+-------
